 Dungeon Crawl Stone Soup version 0.31.0-11-ge490571c62 (webtiles) character file.

Game seed: 14589576487719877841

1474 sanka the Grappler (level 8, 0/75 HPs)
             Began as a Troll Monk on Jan 31, 2024.
             Was a High Priest of Okawaru.
             Slain by a gnoll bouda
             ... wielding a +0 club
              (3 damage)
             ... on level 6 of the Dungeon.
             The game lasted 00:05:28 (4122 turns).

sanka the Grappler (Troll Monk)                     Turns: 4122, Time: 00:05:29

Health: 0/75       AC:  4    Str: 20    XL:     8   Next: 49%
Magic:  10/10      EV: 10    Int:  6    God:    Okawaru [*****.]
Gold:   333        SH:  0    Dex: 14    Spells: 7/7 levels left

rFire   . .          .
                       - Unarmed
rCold   . . .        c - orb {light}
rNeg    . . .        a - +0 robe
rPois   .            (helmet restricted)
rElec   .            (no cloak)
rCorr   +            (gloves unavailable)
SInv    .            (boots unavailable)
Will    .....        (no amulet)
Stlth   +            (no ring)
HPRegen 1.12/turn    r - ring of resist corrosion
MPRegen 0.12/turn

%: no passive effects
@: weakened, glowing
A: large, unfitting armour, claws 3, regeneration 1, shaggy fur 1, tough skin 1
a: Renounce Religion, Heroism, Finesse, Duel


You were on level 6 of the Dungeon.
You worshipped Okawaru.
Okawaru was extremely pleased with you.
You visited 1 branch of the dungeon, and saw 6 of its levels.

You collected 333 gold pieces.


Innate Abilities, Weirdness & Mutations

You are too large for most types of armour.
You have claws for hands.
Your natural rate of healing is unusually fast.
You are covered in fur. (AC +1)
You have tough skin. (AC +1)


   Skills:
 - Level 3.0 Fighting
 - Level 2.4 Dodging
 + Level 9.3 Unarmed Combat
 - Level 5.0 Invocations


You had 7 spell levels left.
You didn't know any spells.
Your spell library contained the following spells:

 Spells                   Type           Power      Damage    Failure   Level
 Apportation              Tloc           0%         N/A       45%         1
 Necrotise                Necr           0%         1d4       45%         1
 Sting                    Conj/Alch      0%         1d3       45%         1
 Ensorcelled Hibernation  Hex/Ice        0%         N/A       58%         2
 Jinxbite                 Hex            0%         N/A       58%         2
 Fugue of the Fallen      Necr           0%         N/A       83%         3
 Anguish                  Hex/Necr       0%         N/A       99%         4
 Alistair's Intoxication  Alch           0%         N/A       100%        5
 Summon Small Mammal      Summ           Unusable   N/A       N/A         1

Inventory:

Hand Weapons
 w - a +2 hand axe of flaming
Armour
 a - a +0 robe (worn)
 c - an orb of light (worn)
Jewellery
 f - an amulet of magic regeneration
 m - a ring of fire
 r - a ring of resist corrosion (right claw)
Talismans
 n - a blade talisman
Scrolls
 d - 3 scrolls of blinking {unknown}
 e - 5 scrolls of immolation {!r}
 i - 9 scrolls of identify {unknown}
 k - a scroll of enchant armour {unknown}
 l - a scroll of amnesia {unknown}
 o - a scroll of vulnerability {unknown}
 p - 2 scrolls of poison {unknown}
 q - a scroll of acquirement {unknown}
 t - 2 scrolls of enchant weapon {unknown}
 u - 3 scrolls of revelation {unknown}
 v - a scroll of fog {unknown}
Potions
 b - 2 potions of ambrosia
 g - a potion of invisibility {unknown}
 h - 7 potions of curing {unknown}
 j - a potion of might {unknown}
 s - a potion of degeneration {unknown}
 x - a potion of brilliance {unknown}

Dungeon Overview and Level Annotations

Branches:
Dungeon (6/15)             Temple (0/1) D:4

Altars:
Elyvilon
Makhleb
Nemelex Xobeh
Okawaru
Ru
Zin

Shops:
D:6

! ▒.▒ ▒.▒ ▒)▒
▒.▒ ▒)▒ ▒o▒ . ▒
▒)▒▒ ..▒ ▒.
▒go▒▒o..▒
▒.▒▒▒▒▒To..$..▒
▒........o....▒
▒.....?..▒▒...▒
▒▒▒▒.▒▒▒▒▒▒<..▒
▒.....▒▒...▒
▒▒.........▒
▒▒>.†.)....▒
▒....†.....▒
▒▒....▒▒...▒


You could see a gnoll bouda, 2 orc wizards and 3 orcs.


Message History

The orc moves out of view.
Things that are here:
a +0 dagger; a +0 robe; an orc corpse An orc comes into view.
It is wielding a +0 hand axe.
The gnoll bouda attacks as it pursues you!
The gnoll bouda closely misses you.
An orc comes into view. It is wielding a +0 trident.
The orc hits you but does no damage.
Things that are here:
a +0 war axe; a +0 whip; an orc corpse The gnoll bouda attacks as it pursues you!
The gnoll bouda barely misses you.
An orc comes into view. It is wielding a +0 dagger.
The orc hits you but does no damage.
You claw the orc!
You kill the orc!
Okawaru accepts your kill.
The orc hits you from afar with a +0 trident.
* * * LOW HITPOINT WARNING * * *
The orc hits you with a +0 dagger.
* * * LOW HITPOINT WARNING * * *
The gnoll bouda hits you with a +0 club!
* * * LOW HITPOINT WARNING * * *
The orc hits you from afar with a +0 trident.
* * * LOW HITPOINT WARNING * * *
An orc wizard comes into view. It is wielding a +0 dagger.
The orc misses you.
The gnoll bouda attacks as it pursues you!
The gnoll bouda hits you with a +0 club.
You die...

Action                     |  1- 3 |  4- 6 |  7- 9 || total
---------------------------+-------+-------+-------++-------
  Melee: Unarmed           |    68 |    80 |   156 ||   304
 Invoke: Heroism           |       |     2 |       ||     2
 Armour: Robe              |    25 |    49 |    98 ||   172
  Dodge: Dodged            |    25 |    26 |    60 ||   111

Levels and vault maps discovered:
D:1:      dpeg_arrival_more_subterranean_lakeside_camping, layout_loops_ring,
          hellmonk_ecumenical_altar_slurped_away
D:2:      layout_loops_ring
D:3:      layout_loops_corners, amcnicky_altar_gilded,
          nicolae_overflow_macrodata_refinement, ebering_ghost_inner_flame,
          uniq_terence
D:4:      layout_rooms, lemuel_temple_firewalk_a, nicolae_grassy_gnolls
D:5:      layout_basic, mrwooster_statue_mirror
D:6:      layout_gridville, vehumet_statue, serial_shops,
          nicolae_shop_waterfront, hangedman_decor_growths

Notes
Turn   | Place    | Note
-------+----------+-------------------------------------------
     0 | D:1      | sanka the Troll Monk began the quest for the Orb.
     0 | D:1      | Reached XP level 1. HP: 22/22 MP: 0/0
    97 | D:1      | Found a faded altar of an unknown god.
   104 | D:1      | Prayed at the altar of an unknown god.
   104 | D:1      | Became a worshipper of Warmaster Okawaru
   104 | D:1      | Reached * piety under Okawaru
   104 | D:1      | Reached ** piety under Okawaru
   167 | D:1      | Reached XP level 2. HP: 29/29 MP: 1/1
   902 | D:2      | Reached skill level 1 in Invocations
   917 | D:2      | Reached XP level 3. HP: 36/36 MP: 2/2
  1107 | D:2      | Reached skill level 3 in Fighting
  1292 | D:2      | Reached *** piety under Okawaru
  1293 | D:2      | Reached XP level 4. HP: 40/45 MP: 2/4
  1474 | D:3      | Found a burning altar of Makhleb.
  1479 | D:3      | Found a sparkling altar of Nemelex Xobeh.
  1482 | D:3      | Found a sacrificial altar of Ru.
  1488 | D:3      | Found a white marble altar of Elyvilon.
  1580 | D:3      | Reached skill level 4 in Unarmed Combat
  1580 | D:3      | Reached skill level 2 in Invocations
  1700 | D:3      | Noticed Terence
  1717 | D:3      | Killed Terence
  1838 | D:3      | Found a runed translucent door.
  1839 | D:3      | Noticed Suckerboh's ghost (amateur MiMo)
  1969 | D:3      | Found a glowing silver altar of Zin.
  2090 | D:3      | Reached XP level 5. HP: 53/53 MP: 5/5
  2296 | D:3      | Reached skill level 3 in Invocations
  2303 | D:3      | Killed Suckerboh's ghost
  2304 | D:3      | Reached skill level 5 in Unarmed Combat
  2304 | D:3      | Reached XP level 6. HP: 38/61 MP: 4/7
  2425 | D:4      | Reached skill level 4 in Invocations
  2439 | D:4      | Reached XP level 7. HP: 24/67 MP: 6/9
  2443 | D:4      | Reached skill level 6 in Unarmed Combat
  2658 | D:4      | HP: 6/67 [gnoll/+0 whip (5)]
  2667 | D:5      | Entered Level 5 of the Dungeon
  2763 | D:4      | Reached **** piety under Okawaru
  2778 | D:4      | Reached skill level 5 in Invocations
  2853 | D:4      | Found a staircase to the Ecumenical Temple.
  3073 | D:5      | Reached skill level 7 in Unarmed Combat
  3145 | D:5      | Reached XP level 8. HP: 37/75 MP: 10/10
  3206 | D:5      | Reached skill level 8 in Unarmed Combat
  3939 | D:6      | Found Ceepsewn's Distillery.
  4106 | D:6      | Reached skill level 9 in Unarmed Combat
  4116 | D:6      | Reached ***** piety under Okawaru
  4122 | D:6      | HP: 3/75 [orc/+0 trident (6)]
  4122 | D:6      | Slain by a gnoll bouda

Vanquished Creatures
  An orc warrior (D:6)
  An ice beast (D:5)
  The ghost of Suckerboh the Chopper, an amateur MiMo (D:3)
  2 black bears (D:4)
  A kobold brigand (D:3)
  A gnoll sergeant (D:4)
  2 scorpions
  5 orc priests
  2 bombardier beetles (D:4)
  2 hounds (D:6)
  Terence (D:3)
  5 iguanas
  3 orc wizards
  3 adders
  11 gnolls
  5 dart slugs
  4 ribbon worms
  29 orcs
  6 ball pythons
  2 bats
  5 endoplasms
  7 giant cockroaches
  5 goblins
  10 hobgoblins
  5 kobolds
  A quokka (D:1)
  4 frilled lizards
124 creatures vanquished.
